 Dungeon Crawl Stone Soup version 0.28-a0-863-g8cecda6153 (webtiles) character file.

Game seed: 1109722057348040269

25854 jasper the Epochal (level 12, -15/92 HPs)
             Began as a Demonspawn Hedge Wizard on Nov 18, 2021.
             Was an Elder of Cheibriados.
             Killed from afar by a rime drake (36 damage)
             ... with a flash freeze
             ... on level 4 of the Lair of Beasts.
             The game lasted 00:34:06 (21482 turns).

jasper the Epochal (Demonspawn Hedge Wizard)       Turns: 21482, Time: 00:34:07

Health: -15/92     AC: 19    Str: 22    XL:     12   Next: 93%
Magic:  0/21       EV: 18    Int: 30    God:    Cheibriados [****..]
Gold:   540        SH:  7    Dex: 29    Spells: 5/19 levels left

rFire   . . .      SeeInvis +     - Unarmed
rCold   . . .      Faith    .   s - +0 buckler
rNeg    . . .      Spirit   +   z - +5 ring mail "Vuasuak" {SInv}
rPois   .          Reflect  .   c - +0 hat
rElec   .          Harm     .   E - +0 cloak {Will+}
rCorr   .          Rampage  .   h - +0 pair of gloves
Will    +....                   r - +0 pair of boots
Stlth   ++........              (no amulet)
HPRegen 0.25/turn               k - ring of Nuziyfah {Dex+7 Slay+4}
MPRegen 0.34/turn               H - +4 ring of slaying

@: about to teleport, sanguine armoured, very slow
A: magic shield, magic regeneration, sanguine armour 1, demonic touch 1
a: Renounce Religion, Bend Time, Temporal Distortion, Slouch


You were on level 4 of the Lair of Beasts.
You worshipped Cheibriados.
Cheibriados was greatly pleased with you.
You visited 3 branches of the dungeon, and saw 17 of its levels.

You collected 1067 gold pieces.
You spent 527 gold pieces at shops.

Inventory:

Hand Weapons
 a - a +0 dagger
 f - a +0 short sword
 j - a +5 dagger of electrocution
Missiles
 g - 466 stones (quivered)
 l - 13 javelins
 y - 42 poisoned darts
 G - 3 atropa-tipped darts
Armour
 b - a +0 robe
 c - a +0 hat (worn)
 h - a +0 pair of gloves (worn)
 r - a +0 pair of boots (worn)
 s - a +0 buckler (worn)
 t - a +2 troll leather armour {Snorg}
 z - the +5 ring mail "Vuasuak" (worn) {SInv}
   (You found it on level 1 of the Lair of Beasts)

   SInv:      It lets you see invisible.
 B - +0 acid dragon scales
 E - a +0 cloak of willpower (worn)
 I - a +2 robe of willpower
Magical Staves
 p - a staff of earth
Jewellery
 k - the ring of Nuziyfah (left hand) {Dex+7 Slay+4}
   (You acquired it on level 3 of the Dungeon)

   [ring of slaying]

   Dex:       It affects your dexterity (+7).
   Slay:      It affects your accuracy & damage with ranged weapons and melee
   (+4).
 H - a +4 ring of slaying (right hand)
Wands
 m - a wand of polymorph (19)
 v - a wand of digging (5)
 A - a wand of flame (28)
 D - a wand of charming (23)
 J - a wand of paralysis (9)
Scrolls
 u - 2 scrolls of vulnerability
 w - 2 scrolls of enchant weapon
 C - 2 scrolls of teleportation
 K - 2 scrolls of amnesia
Potions
 d - 5 potions of flight
 e - 3 potions of cancellation
 i - 2 potions of brilliance
 n - a potion of magic
 o - 3 potions of mutation
 q - 2 potions of ambrosia
 x - 2 potions of lignification
 F - 3 potions of resistance
 N - a potion of might


   Skills:
 + Level 8.1 Fighting
 + Level 7.7 Dodging
 - Level 1.7 Stealth
 - Level 4.0 Shields
 * Level 10.6 Unarmed Combat
 - Level 4.0 Spellcasting
 - Level 5.0 Conjurations
 - Level 2.5 Hexes
 - Level 3.0 Summonings
 - Level 2.7 Translocations
 - Level 2.1 Transmutations
 - Level 4.0 Fire Magic
 - Level 3.0 Air Magic
 - Level 2.0 Earth Magic
 - Level 3.0 Poison Magic
 - Level 12.0 Invocations


You had 5 spell levels left.
You knew the following spells:

 Your Spells              Type           Power      Damage    Failure   Level
a - Animate Skeleton      Necr           12%        N/A       11%         1
b - Call Imp              Summ           24%        N/A       4%          2
c - Slow                  Hex            84%        N/A       3%          1
d - Blink                 Tloc           44%        N/A       4%          2
e - Conjure Flame         Conj/Fire      33%        6-21      4%          3
f - Mephitic Cloud        Conj/Pois/Air  28%        N/A       7%          3
g - Passwall              Tmut/Erth      15%        N/A       7%          2

Your spell library contained the following spells:

 Spells                   Type           Power      Damage    Failure   Level
 Magic Dart               Conj           100%       1d8       1%          1
 Sandblast                Erth           36%        2d10      4%          1
 Stone Arrow              Conj/Erth      54%        3d10      8%          3
 Pain                     Necr           24%        1d5       11%         1
 Confusing Touch          Hex            21%        N/A       11%         3
 Tukima's Dance           Hex            21%        N/A       11%         3
 Vampiric Draining        Necr           6%         2d6       30%         3
 Passage of Golubria      Tloc           22%        N/A       32%         4
 Yara's Violent Unravell  Hex/Tmut       10%        3d6       73%         5


Dungeon Overview and Level Annotations

Branches:
Dungeon (12/15)            Temple (1/1) D:5            Lair (4/6) D:11
  Swamp (0/4) Lair:3        Snake (0/4) Lair:3          Orc (0/2) D:9

Altars:
Ashenzari
Cheibriados
Dithmenos
Elyvilon
Fedhas
Gozag
Hepliaklqana
Kikubaaqudgha
Makhleb
Nemelex Xobeh
Okawaru
Qazlal
Ru
Sif Muna
Trog
Uskayaw
Vehumet
Wu Jian
Xom
Yredelemnul
Zin
The Shining One

Shops:
D:3 (   D:9 [   D:10 !(*:

Annotations:
Lair:2 3 runed translucent doors, sirJeffrey23's ghost, journeyman DsGl


Innate Abilities, Weirdness & Mutations

When hurt, damage is shared between your health and your magic reserves.
You regenerate magic rapidly.
When seriously injured, your bleeding wounds create armour. (AC +6)
Your touch may inflict minor irresistible damage on your foes.


Message History

The seven-headed hydra bites you.
The yak gores the bush but does no damage.
You take 6 damage, and have 52/92 hp.
You now have 6/21 mp.
Unknown command.
As you read the scroll of teleportation, it crumbles to dust.
You feel strangely unstable. The rime drake misses you.
The seven-headed hydra closely misses you.
The seven-headed hydra misses you.
The seven-headed hydra bites you but does no damage.
You block the seven-headed hydra's attack. x2
The seven-headed hydra misses you. The seven-headed hydra bites you.
The rime drake barely misses you.
You take 5 damage, and have 47/92 hp.
You completely miss the rime drake.
The seven-headed hydra bites you but does no damage.
The seven-headed hydra bites you.
The seven-headed hydra bites you but does no damage.
You block the seven-headed hydra's attack.
The seven-headed hydra bites you but does no damage.
The seven-headed hydra bites you!
The seven-headed hydra closely misses you.
The rime drake closely misses you.
The yak gores the bush!
You take 10 damage, and have 37/92 hp.
You now have 5/21 mp.
You punch the rime drake!
The rime drake is moderately wounded.
The yak gores the bush.
The seven-headed hydra bites you but does no damage.
The seven-headed hydra bites you! x2
* * * LOW HITPOINT WARNING * * *
The seven-headed hydra bites you.
* * * LOW HITPOINT WARNING * * *
You block the seven-headed hydra's attack.
The seven-headed hydra misses you.
The seven-headed hydra closely misses you.
You take 16 damage, and have 21/92 hp.
You now have 2/21 mp.
You punch the rime drake!
The rime drake is severely wounded.
The rime drake breathes ice at you. The flash freeze hits you!!!
You die...

≈≈≈≈≈≈≈PP♣#
≈≈≈≈≈≈≈≈P≈# ..
≈≈≈≈≈≈≈≈≈♣.#
##.####
≈≈≈≈≈≈P≈≈♣..#....#.
≈≈≈≈≈≈≈≈♣♣♣..#....
≈≈≈≈≈≈§♣♣#.......
≈≈≈≈≈≈≈♣≈≈).....
P≈≈≈≈≈≈≈P......###
≈P≈≈≈≈≈P♣....YYk@#
≈≈P≈PP♣≈......PD.#
≈≈≈♣≈≈♣≈..##.###..#
≈≈P≈≈≈≈..##..#
#.....
≈≈P≈≈P.#.#...#
###.... P≈≈
♣......## #...# ≈≈♣
♣.......# ....
#≈≈P........# ...
.≈..........P.


You could see a seven-headed hydra, 2 yaks and a rime drake (catching breath).

Vanquished Creatures
  Snorg (D:10)
  A hydra (Lair:3)
  A boulder beetle (D:11)
  A two-headed ogre (D:8)
  5 death yaks (Lair:3)
  Pikel (D:8)
  A cyclops (D:11)
  Maurice (D:8)
  A cane toad (Lair:1)
  Maggie (D:7)
  6 komodo dragons
  2 kobold demonologists (D:11)
  An unseen horror (D:11)
  A troll (D:10)
  5 blink frogs
  Grinder (D:6)
  A shadow (D:11)
  Sigmund (D:6)
  A vampire (D:9)
  38 yaks
  Grum (D:8)
  3 wyverns (D:11)
  3 steam dragons
  2 basilisks
  Eustachio (D:4)
  Menkaure (D:4)
  Duvessa (D:4)
  2 acid dragons (D:11)
  10 water moccasins
  5 sky beasts
  4 orc warriors
  3 black bears
  4 wolves
  8 centaurs
  4 ogres
  4 phantoms
  2 kobold brigands
  Blork the orc (D:4)
  A gnoll sergeant (D:8)
  6 bullfrogs
  4 scorpions
  A water moccasin zombie (D:5)
  Dowan (D:4)
  A water moccasin skeleton (D:5)
  5 killer bees (D:10)
  6 electric eels
  A howler monkey (D:9)
  A bullfrog zombie (D:6)
  7 centaur zombies
  A gnoll shaman (D:8)
  2 jellies
  2 centaur skeletons (D:6)
  6 orc priests
  2 bullfrog skeletons
  2 hounds
  4 iguanas
  7 orc wizards
  A killer bee zombie (D:6)
  6 ogre zombies (D:9)
  A howler monkey zombie (D:4)
  8 gnolls
  A howler monkey skeleton (D:6)
  7 adders
  2 shadow imps
  A white imp (D:8)
  2 ufetubi (D:6)
  3 dart slugs
  2 worms
  24 orcs
  5 ball pythons
  6 bats
  4 endoplasms
  2 giant cockroaches
  6 goblins
  7 hobgoblins
  18 kobolds
  5 quokkas
  4 frilled lizards
  A goblin skeleton (D:9)
  A goblin zombie (D:9)
  2 hobgoblin zombies (D:9)
  2 orc skeletons (D:9)
  13 orc zombies (D:9)
  4 rats
328 creatures vanquished.

Vanquished Creatures (collateral kills)
  An ogre (D:3)
  A bullfrog skeleton (D:5)
  2 adders
  An orc (D:5)
  A goblin (D:2)
6 creatures vanquished.

Vanquished Creatures (others)
  A quokka (D:7)
  3 bushes (D:11)
  5 fungi
  24 plants
33 creatures vanquished.

Grand Total: 367 creatures vanquished

Notes
Turn   | Place    | Note
-------+----------+-------------------------------------------
     0 | D:1      | jasper the Demonspawn Hedge Wizard began the quest for the
                  | Orb.
     0 | D:1      | Reached XP level 1. HP: 13/13 MP: 4/4
   196 | D:1      | Gained mutation: When seriously injured, your bleeding
                  | wounds create armour. (AC +6) [demonic ancestry]
   196 | D:1      | Reached XP level 2. HP: 19/19 MP: 3/6
   204 | D:1      | Learned a level 2 spell: Call Imp
   206 | D:1      | Learned a level 1 spell: Slow
   209 | D:1      | Learned a level 2 spell: Blink
   582 | D:1      | Found a faded altar of an unknown god.
  1157 | D:2      | Reached XP level 3. HP: 24/24 MP: 3/7
  1727 | D:2      | Reached skill level 1 in Hexes
  2350 | D:3      | Found Inocko Baopo's Weapon Boutique.
  2375 | D:3      | Gained mutation: Your touch may inflict minor irresistible
                  | damage on your foes. [demonic ancestry]
  2375 | D:3      | Reached XP level 4. HP: 19/30 MP: 1/8
  2498 | D:3      | Found a bloodstained altar of Trog.
  2543 | D:3      | Reached skill level 1 in Translocations
  2572 | D:3      | Noticed an ogre
  2579 | D:3      | Killed an ogre
  2580 | D:3      | Reached XP level 5. HP: 9/35 MP: 6/9
  2584 | D:3      | Learned a level 3 spell: Conjure Flame
  3170 | D:3      | Reached skill level 1 in Fire Magic
  3498 | D:3      | Identified a scroll of acquirement
  3498 | D:3      | Acquired the ring of Nuziyfah {Dex+7 Slay+4}
  3606 | D:3      | Found a hide-covered altar of Uskayaw.
  3611 | D:3      | Found an ancient bone altar of Kikubaaqudgha.
  3666 | D:4      | Noticed Duvessa
  3668 | D:4      | Noticed Dowan
  3669 | D:4      | Found a stormy altar of Qazlal.
  3684 | D:4      | Killed Duvessa
  3685 | D:4      | Reached XP level 6. HP: 27/41 MP: 4/10
  3927 | D:5      | Entered Level 5 of the Dungeon
  3987 | D:5      | Found a sacrificial altar of Ru.
  4161 | D:5      | Reached XP level 7. HP: 34/46 MP: 9/11
  4328 | D:5      | Learned a level 3 spell: Mephitic Cloud
  4604 | D:5      | Found a staircase to the Ecumenical Temple.
  4621 | Temple   | Entered the Ecumenical Temple
  5102 | D:6      | Noticed Grinder
  5105 | D:6      | Paralysed by Grinder for 7 turns
  5122 | D:6      | Killed Grinder
  5123 | D:6      | Reached skill level 5 in Conjurations
  5123 | D:6      | Reached skill level 1 in Air Magic
  5123 | D:6      | Reached skill level 1 in Poison Magic
  5123 | D:6      | Reached XP level 8. HP: 38/52 MP: 6/12
  5470 | D:6      | Reached skill level 1 in Shields
  5777 | D:6      | Noticed Sigmund
  5792 | D:6      | Killed Sigmund
  5796 | D:6      | Learned a level 2 spell: Passwall
  6165 | D:6      | Reached skill level 1 in Unarmed Combat
  6260 | D:6      | Gained mutation: You regenerate magic rapidly. [demonic
                  | ancestry]
  6260 | D:6      | Reached XP level 9. HP: 41/58 MP: 15/15
  6457 | D:7      | Reached skill level 1 in Fighting
  6457 | D:7      | Reached skill level 1 in Transmutations
  6457 | D:7      | Reached skill level 1 in Earth Magic
  6757 | D:4      | Noticed Blork the orc
  6771 | D:4      | Killed Blork the orc
  7382 | D:4      | Noticed Menkaure
  7384 | D:4      | Killed Menkaure
  7563 | D:4      | Noticed Eustachio
  7565 | D:4      | Killed Dowan
  7570 | D:4      | Killed Eustachio
  7571 | D:4      | Noticed an angel
  7572 | D:4      | Found a shimmering altar of Xom.
  7784 | D:7      | Noticed Maggie
  7802 | D:7      | Killed Maggie
  8265 | D:7      | Acquired a +0 cloak of willpower
  8546 | D:8      | Noticed Pikel
  8829 | D:8      | Noticed a two-headed ogre
  8846 | D:8      | Killed a two-headed ogre
  8847 | D:8      | Reached skill level 5 in Unarmed Combat
  8847 | D:8      | Gained mutation: When hurt, damage is shared between your
                  | health and your magic reserves. [demonic ancestry]
  8847 | D:8      | Reached XP level 10. HP: 11/71 MP: 13/16
  9220 | D:8      | Found an ornate altar of the Wu Jian Council.
  9609 | D:8      | Killed Pikel
  9648 | D:8      | Noticed Maurice
  9664 | D:8      | Killed Maurice
  9965 | D:8      | Noticed Grum
  9980 | D:8      | Reached skill level 5 in Fighting
  9980 | D:8      | Reached skill level 5 in Dodging
  9990 | D:8      | Killed Grum
 11742 | D:9      | Found a radiant altar of Vehumet.
 11762 | D:9      | Found a staircase to the Orcish Mines.
 11866 | D:9      | Reached XP level 11. HP: 60/81 MP: 15/17
 12266 | D:9      | Found a snail-covered altar of Cheibriados.
 12286 | D:9      | Became a worshipper of Cheibriados the Contemplative
 12407 | D:9      | Found Hulien's Armour Shop.
 12666 | D:9      | Found a faded altar of an unknown god.
 12667 | D:9      | Found a hazy altar of Hepliaklqana.
 13018 | D:10     | Entered Level 10 of the Dungeon
 13024 | D:10     | Found an opulent altar of Gozag.
 13061 | D:10     | Reached skill level 1 in Invocations
 13087 | D:10     | Reached skill level 2 in Invocations
 13326 | D:10     | Reached skill level 3 in Invocations
 13402 | D:10     | Found Emenerr's Distillery.
 13517 | D:10     | Bought a potion of magic for 136 gold pieces
 13517 | D:10     | Bought a potion of lignification for 51 gold pieces
 13517 | D:10     | Bought a potion of resistance for 170 gold pieces
 13517 | D:10     | Bought a potion of resistance for 170 gold pieces
 13582 | D:10     | Reached skill level 4 in Invocations
 13696 | D:10     | Reached skill level 5 in Invocations
 13859 | D:10     | Found Unukliet's Weapon Emporium.
 13886 | D:10     | Reached * piety under Cheibriados
 13911 | D:10     | Reached skill level 6 in Invocations
 14015 | D:10     | Found Xofor's General Store.
 14121 | D:10     | Noticed Snorg
 14436 | D:11     | Learned a level 1 spell: Animate Skeleton
 14445 | D:11     | Reached skill level 7 in Invocations
 14702 | D:11     | Reached skill level 8 in Invocations
 14868 | D:11     | Reached skill level 9 in Invocations
 15127 | D:11     | Reached ** piety under Cheibriados
 15709 | D:11     | Reached skill level 10 in Invocations
 15900 | D:11     | Reached skill level 11 in Invocations
 16018 | D:11     | Found a staircase to the Lair.
 16058 | D:11     | Noticed a boulder beetle
 16143 | D:12     | Noticed a deep elf pyromancer
 16448 | D:10     | Found Zuseloi's Book Emporium.
 16984 | D:10     | Killed Snorg
 16985 | D:10     | Reached skill level 12 in Invocations
 17121 | D:11     | Killed a boulder beetle
 17122 | D:11     | Reached XP level 12. HP: 89/89 MP: 21/21
 17597 | Lair:1   | Entered Level 1 of the Lair of Beasts
 17642 | D:11     | Reached *** piety under Cheibriados
 17828 | Lair:1   | Identified the +5 ring mail "Vuasuak" {SInv}
 19326 | Lair:2   | Found a runed translucent gate.
 19587 | Lair:2   | Found a runed translucent gate.
 19587 | Lair:2   | Found a runed translucent gate.
 19588 | Lair:2   | Noticed a ten-headed hydra
 19588 | Lair:2   | Noticed sirJeffrey23's ghost (journeyman DsGl)
 19589 | Lair:2   | Noticed a 12-headed hydra
 19889 | Lair:3   | Reached **** piety under Cheibriados
 19936 | Lair:3   | Found a staircase to the Snake Pit.
 19939 | Lair:3   | Noticed a four-headed hydra
 19952 | Lair:3   | Killed a four-headed hydra
 20082 | Lair:3   | Noticed a death yak
 20082 | Lair:3   | Noticed a death yak
 20082 | Lair:3   | Noticed a death yak
 20083 | Lair:3   | Noticed a death yak
 20085 | Lair:3   | Noticed a death yak
 20102 | Lair:3   | Killed a death yak
 20103 | Lair:3   | Reached skill level 10 in Unarmed Combat
 20114 | Lair:3   | Killed a death yak
 20129 | Lair:3   | Killed a death yak
 20139 | Lair:3   | Killed a death yak
 20142 | Lair:3   | HP: 5/138 [death yak (7)]
 20146 | Lair:3   | Killed a death yak
 20857 | Lair:3   | Found a staircase to the Swamp.
 21463 | Lair:4   | Noticed a seven-headed hydra
 21482 | Lair:4   | Killed from afar by a rime drake

Illustrated notes

Levels and vault maps discovered:
D:1:      dpeg_arrival_boxorama, layout_rooms,
          hellmonk_ecumenical_altar_zigzags, minivault_26
D:2:      kennysheep_big_flooded_room, layout_loops_ring, minmay_vboxes
D:3:      layout_basic, mainiacjoe_overflow_boulevard, minitemple, serial_shops,
          nicolae_shop_bloodbath_and_beyond
D:4:      layout_loops_ring, grunt_qazlal_sundering,
          grunt_temple_overflow_order_and_chaos_1, uniq_blork_the_orc,
          uniq_eustachio, uniq_menkaure, uniq_duvessa
D:5:      nicolae_cairo_tiling_large_dashed, layout_rooms,
          mainiacjoe_overflow_six_doors_small, minmay_temple_entry_antechambers
D:6:      layout_basic, kennysheep_generic_room_12, uniq_sigmund, uniq_grinder
D:7:      layout_loops_cross, elyvilon_altar_4, uniq_maggie
D:8:      layout_layer_cave, lemuel_crystal_altar, amcnicky_mini_pool_medium,
          uniq_maurice, uniq_pikel, uniq_grum
D:9:      layout_roguey, amcnicky_altar_gilded,
          beargit_hepliaklqana_dungeon_heroes, nicolae_vehumet_radiance,
          zombieorc1_lemuel, serial_shops, shop
D:10:     layout_roguey, grunt_gozag_statues, serial_shops, nicolae_square_shop,
          shop, nicolae_shop_waterfront, nicolae_diamond_shop,
          hangedman_misty_isle, uniq_snorg
D:11:     layout_long_grid, minmay_lair_entry_grove
D:12:     layout_basic, eino_small_chamber_without_monster,
          minmay_variable_closet
Temple:   dpeg_three_leaves_temple
Lair:1:   layout_hall_layers, grunt_megastairs_1, serial_bayou_shore_a,
          lemuel_fruit_tree
Lair:2:   layout_hall_layers, gammafunk_ghost_hydra_chop,
          chequers_serial_rivers_micro_c, disabler_island
Lair:3:   layout_cave_pods, swamp_mist, dummy_snake_entry
Lair:4:   layout_layer_cave, serial_bayou_lake_a

Skill      XL: |  1  2  3  4  5  6  7  8  9 10 11 12 |
---------------+-------------------------------------+-----
Summonings     | 2 3 |  3.0
Hexes          | 2 |  2.5
Translocations | 2 |  2.7
Fire Magic     | 2 3 4 |  4.0
Conjurations   | 2 3 5 |  5.0
Air Magic      | 1 3 |  3.0
Poison Magic   | 1 3 |  3.0
Shields        | 4 |  4.0
Spellcasting   | 4 |  4.0
Dodging        | 2 4 5 6 7 |  7.7
Unarmed Combat | 1 5 7 8 10 | 10.6
Fighting       | 4 5 6 8 |  8.1
Transmutations | 2 |  2.1
Earth Magic    | 2 |  2.0
Invocations    | 12 | 12.0
Stealth        | |  1.7

Action                   |  1- 3 |  4- 6 |  7- 9 | 10-12 || total
-------------------------+-------+-------+-------+-------++-------
Melee: Dagger            |    40 |    54 |   220 |   247 ||   561
       Short sword       |    11 |       |       |       ||    11
       Touch             |       |    16 |    13 |       ||    29
       Unarmed           |       |       |       |   636 ||   636
Throw: Stone             |       |       |       |    43 ||    43
       Dart              |       |       |       |     6 ||     6
 Cast: Magic Dart        |    78 |    33 |     9 |     4 ||   124
       Call Imp          |     6 |     8 |     4 |     5 ||    23
       Mephitic Cloud    |       |       |    11 |     8 ||    19
       Blink             |       |       |     2 |     3 ||     5
       Passwall          |       |       |       |     2 ||     2
Evoke: Wand              |       |       |     3 |    29 ||    32
  Use: Scroll            |     7 |     3 |     4 |    18 ||    32
       Potion            |       |     2 |     1 |     6 ||     9
 Stab: Sleeping          |       |     1 |    16 |     2 ||    19
       Distracted        |       |     1 |       |       ||     1
       Confused          |       |       |     7 |     2 ||     9
       Paralysed         |       |       |       |    22 ||    22
Armor: Robe              |    13 |    15 |    35 |    11 ||    74
       Acid dragon scale |       |       |       |   181 ||   181
       Troll leather arm |       |       |       |     8 ||     8
       Ring mail         |       |       |       |    54 ||    54
Dodge: Dodged            |    48 |    34 |   102 |   503 ||   687
Block: Buckler           |       |       |    36 |   241 ||   277

Table legend: (Time is in decaauts)
 A = Elapsed time spent in this place.
 B = Non-inter-level travel time spent in this place.
 C = Inter-level travel time spent in this place.
 D = Time resting spent in this place.
 E = Time spent auto-exploring this place.
 F = Levels seen in this place.
 G = Mean time per level.
                   A        B        C        D        E       F      G
               +--------+--------+--------+--------+--------+-----+--------+
         Total |  23871 |  22322 |   1549 |   3120 |  15706 |  17 | 1404.2 |
       Dungeon |  18508 |  17120 |   1388 |   3012 |  11227 |  12 | 1542.3 |
        Temple |     96 |     82 |     14 |      0 |     74 |   1 |   96.0 |
          Lair |   5265 |   5118 |    147 |    108 |   4404 |   4 | 1316.2 |
               +--------+--------+--------+--------+--------+-----+--------+

Top non-repeatable levels by time:
    D:11: 2841 daAuts
     D:8: 2804 daAuts
    D:10: 2219 daAuts
  Lair:3: 2014 daAuts
     D:6: 1887 daAuts
  Lair:1: 1786 daAuts
     D:9: 1576 daAuts
     D:3: 1558 daAuts
     D:2: 1257 daAuts
     D:1: 1166 daAuts
     D:4: 1128 daAuts
  Lair:2: 1113 daAuts
     D:7: 1064 daAuts
     D:5: 1000 daAuts
  Lair:4: 351 daAuts
